 Dungeon Crawl Stone Soup version 0.18-a0-1060-g4fac74f (webtiles) character file.

43 gorblad the Firebug (level 3, -7/26 HPs)
             Began as a Draconian Fire Elementalist on Jan 13, 2016.
             Mangled by a gnoll
             ... wielding a +0 flail
              (10 damage)
             ... on level 2 of the Dungeon.
             The game lasted 00:03:50 (1021 turns).

gorblad the Firebug (Draconian Fire Elementalist)   Turns: 1021, Time: 00:03:50

Health: -7/26      AC:  5    Str: 10    XL:     3   Next: 37%
Magic:  0/7        EV:  7    Int: 16    God:
Gold:   78         SH:  0    Dex: 11    Spells: 3 memorised, 2 levels left

rFire  . . .     SeeInvis .     (no weapon)
rCold  . . .     Gourm    .     (armour unavailable)
rNeg   . . .     Faith    .     (no shield)
rPois  .         Spirit   .     (helmet restricted)
rElec  .         Dismiss  .     (no cloak)
rCorr  .         Reflect  .     (no gloves)
SustAt .         Harm     .     (no boots)
MR     .....                    (no amulet)
Stlth  ++........               (no ring)
                                (no ring)

@: very slightly contaminated, not resistant to hostile enchantments, unstealthy
A: unfitting armour, cold-blooded, AC +5
a: no special abilities


You were on level 2 of the Dungeon.
You were hungry.

You visited 1 branch of the dungeon, and saw 2 of its levels.

You collected 78 gold pieces.

Inventory:

Jewellery
 j - an uncursed amulet of magic regeneration {unknown}
Scrolls
 d - a scroll of blinking {unknown}
 e - a scroll of amnesia
 k - a scroll of remove curse {unknown}
Potions
 c - a potion of haste
 i - a potion of curing
Books
 a - a book of Flames

   Spells                             Type                      Level
   a - Flame Tongue                   Conjuration/Fire             1
   b - Throw Flame                    Conjuration/Fire             2
   c - Conjure Flame                  Conjuration/Fire             3
   d - Inner Flame                    Hexes/Fire                   3
   e - Sticky Flame                   Conjuration/Fire             4
   f - Fireball                       Conjuration/Fire             5
 f - a Young Poisoner's Handbook

   Spells                             Type                      Level
   a - Sting                          Conjuration/Poison           1
   b - Cure Poison                    Poison                       2
   c - Mephitic Cloud                 Conjuration/Poison/Air       3
   d - Olgreb's Toxic Radiance        Poison                       4
   e - Venom Bolt                     Conjuration/Poison           5
Comestibles
 b - 2 bread rations
 g - 2 meat rations
 h - a slice of pizza


   Skills:
 - Level 1.7 Dodging
 - Level 1.7 Stealth
 * Level 3.0 Spellcasting
 + Level 1.7 Conjurations
 + Level 3.3 Fire Magic


You had 2 spell levels left.
You knew the following spells:

 Your Spells              Type           Power        Failure   Level  Hunger
a - Flame Tongue          Conj/Fire      ##...        10%         1    #......
b - Throw Flame           Conj/Fire      ##....       12%         2    ##.....
c - Conjure Flame         Conj/Fire      ##......     21%         3    ###....


Dungeon Overview and Level Annotations

Branches:
Dungeon (2/15)

Altars:


Innate Abilities, Weirdness & Mutations

Your plain brown scales are hard (AC +5).
Your body does not fit into most forms of armour.
You are cold-blooded and may be slowed by cold attacks.


Message History

Aiming: Flame Tongue
Press: ? - help, Shift-Dir - straight line, f/p - gnoll
Aim: a gnoll (moderately wounded)
The flame tongue hits the gnoll.
The gnoll is moderately wounded.
The gnoll shouts!
The gnoll closely misses you. The gnoll hits you.
The gnoll hits you but does no damage.
Casting: Flame Tongue
Confirm with . or Enter, or press ? or * to list all spells.
Aiming: Flame Tongue
Press: ? - help, Shift-Dir - straight line, f/p - gnoll
Aim: a gnoll (moderately wounded)
You miscast Flame Tongue.
Nothing appears to happen.
The gnoll closely misses you. x2
The gnoll hits you from afar with a spear.
The gnoll hits you!
* * * LOW HITPOINT WARNING * * *
The gnoll completely misses you. The gnoll hits you with a flail!
You die...

#.##.##.#..##(###...
#.#..##.#..##.###..#
#.#.<...........>..#
#.>.....# #..##....
#...##### #......##
#...#.# #.####.#
#....# ##..#.####.##
#...###.#...........
#.g@.#.##..#####.###
#..g.......# #.#
##..#g####.# #.#
#.g#.# #.# #.#
#..#.####.### #.#
#..#g##.....# #.###
#....##.....###....
###.#.g...........##
#.....##.....####.#


You could see 4 gnolls.

Vanquished Creatures
  3 gnolls
  A worm (D:2)
  2 goblins
  A hobgoblin (D:2)
  A kobold (D:1)
  4 bats
  A rat (D:2)
13 creatures vanquished.

Notes
Turn   | Place    | Note
--------------------------------------------------------------
     0 | D:1      | gorblad the Draconian Fire Elementalist began the quest for the Orb.
     0 | D:1      | Reached XP level 1. HP: 14/14 MP: 3/3
   517 | D:2      | Reached XP level 2. HP: 20/20 MP: 3/5
   749 | D:1      | Reached XP level 3. HP: 5/26 MP: 0/7
  1008 | D:1      | Learned a level 2 spell: Throw Flame
  1012 | D:1      | Learned a level 3 spell: Conjure Flame
  1021 | D:2      | Mangled by a gnoll

Vault maps used:
D:1:      minmay_arrival_doors, due_unseen_surprise

Action                   || total
-------------------------++-------
Melee: Unarmed           ||    15
 Cast: Flame Tongue      ||    23
  Use: Scroll            ||     4
